Map: Magannatha LE

Players

ShoWTimE

  • Race: Protoss Protoss
  • Spawn Location: 5:00

VITmaru (Maru) - Winner!

  • Race: Terran Terran
  • Spawn Location: 11:00

Event: DreamHack Dallas 2025

VOD

Have the link to the VOD?

Description

Time

  • Played on: May 24, 2025, 12:53 p.m.
  • Length: 6:26

All games in this series

Show
View Real Time Build Order
Export as new Build Order

ShoWTimE Protoss 

Build Orders: 1 Gate Expand, Phoenix Opening 

Get SALT Encoding   

  12  0:00  Probe  
  13  0:12  Probe  
  14  0:16  Pylon  
  14  0:23  Probe  
  15  0:31  Probe  
  15  0:37  Gateway  
  15  0:39  Probe  
  16  0:45  Assimilator  
  17  0:50  Probe  
  18  1:03  Probe  
  19  1:15  Probe  
  20  1:22  Nexus  
  20  1:32  Cybernetics Core  
  20  1:34  Probe  
  21  1:41  Assimilator  
  21  1:46  Probe  
  22  1:50  Pylon  
  22  1:57  Stalker  
  22  1:58  Probe  
  23  2:09  Warp Gate  
  23  2:10  Probe  
  26  2:22  Probe  
  27  2:24  Phoenix  
  27  2:25  Sentry  
  29  2:30  Probe  
  29  2:34  Probe  
  31  2:38  Probe  
  31  2:40  Twilight Council  
  32  2:46  Probe  
  32  2:48  Stalker, Probe  
  36  2:58  Gateway  
  36  2:59  Probe, Charge  
  36  3:00  Probe  
  36  3:05  Gateway, Phoenix  
  38  3:11  Probe  
  39  3:13  Probe  
  40  3:22  Pylon  
  40  3:23  Probe  
  40  3:26  Probe  
  40  3:27  Shield Battery  
  42  3:35  Probe  
  42  3:38  Probe  
  44  3:42  Pylon  
  44  3:47  Probe  
  45  3:52  Nexus  
  45  4:03  Stalker x2  
  45  4:05  Stalker  
  45  4:06  Probe  
  45  4:07  Probe  
  53  4:12  Robotics Facility  
  53  4:15  Assimilator  
  53  4:17  Assimilator  
  53  4:20  Probe  
  53  4:21  Probe  
  55  4:26  Forge  
  54  4:41  Probe  
  54  4:43  Probe  
  56  4:51  Zealot x3  
  62  4:54  Pylon  
  62  5:02  Robotics Bay  
  62  5:03  Probe x2  
  62  5:04  Probe  
  65  5:08  Observer  
  66  5:16  Probe x3  
  66  5:18  Pylon  
  66  5:20  Zealot x2  
  73  5:21  Observer  
  73  5:22  Zealot  
  73  5:28  Probe x3  
  78  5:30  Immortal  
  69  5:41  Zealot  
  68  5:43  Zealot x2  
  72  5:55  Pylon  
  72  5:58  Pylon  
  71  6:10  Pylon  
  69  6:12  Zealot  
  69  6:15  Zealot  
Show
View Real Time Build Order
Export as new Build Order

VITmaru Terran - Winner!

Build Orders: Cyclone Opening 

Get SALT Encoding   

  12  0:00  SCV  
  13  0:12  SCV  
  14  0:17  Supply Depot  
  14  0:24  SCV  
  15  0:38  SCV  
  15  0:39  Barracks  
  16  0:43  Refinery  
  16  0:50  SCV  
  17  1:02  SCV  
  18  1:14  SCV  
  19  1:26  Marine  
  19  1:27  Orbital Command  
  20  1:39  Command Center  
  20  1:50  Factory  
  20  1:53  SCV  
  21  1:57  Barracks Tech Lab  
  21  2:01  Refinery  
  21  2:05  SCV  
  22  2:10  Supply Depot  
  22  2:17  SCV  
  23  2:31  Marine, SCV  
  25  2:38  Cyclone  
  25  2:43  SCV  
  29  2:47  Starport  
  29  2:51  Orbital Command  
  29  2:55  SCV  
  29  2:57  Barracks Reactor  
  30  3:08  SCV  
  30  3:11  Widow Mine  
  30  3:12  Supply Depot  
  33  3:17  SCV  
  34  3:20  SCV  
  34  3:23  Medivac  
  37  3:29  Refinery  
  37  3:30  SCV  
  37  3:32  Widow Mine, SCV  
  37  3:33  Marine x2  
  43  3:37  Supply Depot  
  43  3:42  SCV  
  43  3:44  SCV  
  43  3:46  Barracks  
  45  3:53  Starport Tech Lab  
  45  3:55  SCV, Siege Tank  
  49  3:56  Marine  
  49  4:00  Marine  
  51  4:03  Supply Depot  
  51  4:10  SCV x2  
  51  4:12  Banshee  
  56  4:17  Supply Depot, Marine  
  56  4:18  Marine  
  58  4:27  Siege Tank  
  61  4:33  SCV  
  61  4:35  Marine  
  61  4:36  Marine  
  62  4:41  Marine, SCV  
  64  4:47  Barracks  
  64  4:52  Supply Depot  
  64  4:53  Marine  
  64  4:54  Banshee, Marine  
  64  4:59  Marine, Siege Tank  
  73  5:01  SCV  
  73  5:06  SCV  
  75  5:08  Engineering Bay  
  75  5:12  Marine  
  75  5:13  SCV  
  77  5:17  Marine, Barracks Tech Lab  
  77  5:21  SCV  
  79  5:23  Supply Depot  
  79  5:26  SCV  
  80  5:29  Marine  
  80  5:33  SCV  
  80  5:34  Marine  
  81  5:36  Siege Tank  
  81  5:38  SCV  
  81  5:40  Barracks Tech Lab  
  85  5:45  SCV  
  86  5:50  Supply Depot, SCV  
  86  5:52  Marine, Starport Reactor  
  88  5:57  SCV  
  88  6:02  SCV  
  88  6:09  SCV  
  88  6:14  Supply Depot, SCV, Refinery  
Tags
 
Add a new tag
Caveats
  • Supply blocks, unpowered buildings, or Contaminate may cause inaccurate times.
  • Supply counts are checked every 10 seconds.